[Event "25th Nepal Championship 2025"]
[Site "Hetauda"]
[Date "2025.01.28"]
[Round "5.3"]
[White "Tandukar, Nabin"]
[Black "Bhandari, Kshitiz"]
[Result "0-1"]
[Annotator "TA"]
[ECO "B33"]
[WhiteElo "1920"]
[BlackElo "2070"]
[PlyCount "59"]
[EventDate "2025.01.24"]
[EventType "tourn"]
[EventCountry "NEP"]
[SourceTitle "playchess.com"]
[Source "ChessBase"]
[SourceQuality "1"]
[TimeControl "5400+30"]

1. e4 c5 2. Nf3 e6 3. d4 cxd4 4. Nxd4 Nf6 5. Nc3 Nc6 6. Ndb5 d6 7. Bf4 e5 8. Bg5 a6 9. Na3 b5 10. Nd5 Be7 11. Nxe7 Nxe7 12. f3 Be6 13. c4 {[%emt 0:00:34] B33: Sicilian: Pelikan and Sveshnikov Variations.} bxc4 (13... O-O $11 {remains equal.}) 14. Bxc4 (14. Nxc4 $16 d5 15. Qa4+ (15. Nxe5 O-O $11) 15... Kf8 16. Nxe5) 14... O-O $146 (14... d5 15. exd5 Bxd5 16. Qa4+ Bc6 17. Qb3 O-O 18. Rd1 Qa5+ 19. Bd2 Qc7 20. O-O Rab8 21. Qc2 Qb6+ {0-1 Kadriji,A (1832)-Brunner,G (1965) Graz op-B 2004 (8)}) 15. O-O {[%emt 0:03:30] The position is equal.} Qb6+ 16. Rf2 Rfc8 17. Qe2 Rc6 18. Bxe6 fxe6 19. Nc4 Qb5 20. b3 {[%emt 0:00:05] Strongly threatening Rd1.} Ng6 $1 21. Rd1 Rd8 ({Black should play} 21... d5 $14 22. exd5 exd5 23. Nxe5 Qxe2 24. Rxe2 Re6) 22. a4 $36 {[%emt 0:00:30][%mdl 2048] White has strong initiative.} Qb8 (22... Qxb3 $2 {too greedy.} 23. Na5 Qxa4 24. Nxc6 Qxc6 25. Qb2 $16) 23. Na5 Rb6 (23... Rc7 $142) 24. Be3 Nf4 (24... d5 $16) 25. Qf1 d5 26. Bxb6 Qxb6 27. g3 (27. Qe1 $142 $1) 27... Ng6 {[%emt 0:00:00] [#]} (27... Qxa5 $16 {might work better.} 28. gxf4 exf4 29. exd5 Nxd5) 28. b4 (28. Qe1 $1 $18) 28... Rc8 (28... Rf8 $16) 29. exd5 exd5 30. Kg2 {[%emt 0:00:30][%mdl 32768] Weighted Error Value: White=0.25 (precise) /Black=0.36 Sensor Board Error (Ke4/e5)?  Mistake:       	White=4     	Black=6      Inaccurate:     	---       	Black=2      OK:         	White=3     	Black=2      Best:        	White=1     	---        Strong:       	---       	Black=1} (30. Rc1 $18 Rxc1 31. Qxc1) 0-1

[Event "25th Nepal Championship 2025"]
[Site "Hetauda"]
[Date "2025.01.28"]
[Round "5.4"]
[White "Rajbhandari, Rijendra"]
[Black "Maharjan, Suroj"]
[Result "1-0"]
[Annotator "TA"]
[ECO "C78"]
[WhiteElo "2016"]
[BlackElo "1952"]
[PlyCount "125"]
[EventDate "2025.01.24"]
[EventType "tourn"]
[EventCountry "NEP"]
[SourceTitle "playchess.com"]
[Source "ChessBase"]
[SourceQuality "1"]
[TimeControl "5400+30"]

1. e4 Nc6 2. Nf3 e5 3. Bb5 a6 4. Ba4 Bc5 5. c3 Nf6 6. O-O O-O 7. d4 exd4 8. cxd4 Ba7 {[%emt 0:02:08] C78: Ruy Lopez: Archangelsk and Möller Defences.} 9. e5 Ne4 10. d5 $1 Ne7 {[%emt 0:04:35] White is better.} 11. Bc2 f5 {[%emt 0:00:19] [#]} (11... Nxf2 $16 12. Rxf2 Bxf2+ 13. Kxf2 d6) 12. d6 $1 $18 cxd6 13. exd6 Ng6 $146 (13... Nc6 14. Nc3 Nxc3 15. bxc3 Qf6 16. Bb3+ Kh8 17. Ng5 Ne5 18. Nxh7 Kxh7 19. Qh5+ Qh6 20. Bxh6 gxh6 21. Rae1 Ng6 22. Re7+ {1-0 Tocanita,F-De Zolotiloff corr1 1972}) 14. Qd5+ Kh8 15. Bxe4 (15. Nc3 $1 $18 {[%cal Rc3e4] is the precise move to win.}) 15... fxe4 $16 {[%emt 0:00:12] [#]} 16. Ng5 $36 {[%emt 0:02:33][%cal Bf3g5,Bg5e4,Be4c5][%mdl 2080] White is really pushing.} Qe8 {[%emt 0:01:25] A sharp opening Wards off Nf7+} 17. Nc3 $1 (17. Qxe4 $6 h6 18. Qxe8 Rxe8 $11) (17. Nxe4 $6 Rb8 $11) 17... h6 {[%emt 0:05:43] Threatens to win with ...e3.} 18. Ngxe4 Qe5 19. Be3 Qxd5 20. Nxd5 Bxe3 $2 (20... b6 21. Nxb6 Bxb6) 21. fxe3 $18 b5 22. Nc5 {[%emt 0:06:26] Prevents Bb7.} Rd8 23. Ne7 {[%emt 0:02:34] Excellent horsemanship.} Ne5 24. Rf5 Nc4 25. Raf1 {[%emt 0:13:21] and Rf8+ would now be decisive} Nxd6 26. Rf8+ Rxf8 27. Rxf8+ Kh7 28. Nxc8 Nxc8 29. Nxd7 {[%emt 0:00:32] White has more active pieces.} Ra7 30. Rxc8 Rxd7 $16 {[%emt 0:00:08][%mdl 4096] Endgame KR-KR. White is a pawn up.} 31. Rc2 a5 32. Kf2 b4 33. e4 a4 (33... b3 $142 34. axb3 Rd3) 34. Ke3 Kg6 35. Rc4 ({Better is} 35. Rc6+ $18 Kg5 36. Rc5+ Kf6 37. Ra5) 35... Rb7 36. b3 a3 37. h3 Kf6 38. g3 Ke5 39. h4 g5 40. h5 g4 (40... Rb5 $16 41. g4 Rb8 42. Rc5+ Ke6) 41. Rc5+ $18 Kd6 42. Rd5+ Ke6 (42... Kc6 {was worth a try.} 43. Kd4 Rf7) 43. Kf4 Rc7 $2 (43... Ke7 44. Kxg4 Rb8) 44. Rb5 (44. Kxg4 Rc2 $16) 44... Rc2 45. Rxb4 (45. Kxg4 Rxa2 46. Rxb4 Re2 $11) 45... Rxa2 46. Rb6+ ({Not} 46. Kxg4 Rd2 $16) 46... Kf7 47. Rxh6 Rb2 48. Ra6 Rxb3 49. Kxg4 Kg7 50. Kf4 Kh7 51. g4 {[%emt 0:00:09][%cal Bg3g4,Bg4g5,Bg5g6][%mdl 32] White mates.} Rh3 52. Kg5 Re3 53. Ra7+ Kg8 54. Kf5 Kf8 55. g5 Rf3+ 56. Kg4 Re3 57. Kf4 Rh3 58. h6 Kg8 59. Kf5 Rb3 60. g6 Rb8 61. Rxa3 Rf8+ 62. Ke6 Re8+ 63. Kd5 {[%emt 0:39:04] Weighted Error Value: White=0.15 (very precise) /Black=0.66  Loses game:     	---       	Black=1      Mistake:       	White=2     	Black=5      Inaccurate:     	White=1     	Black=5      OK:         	White=13    	Black=13     Best:        	White=6     	Black=6      Strong:       	White=3     	---} 1-0

[Event "25th Nepal Championship 2025"]
[Site "Hetauda"]
[Date "2025.01.28"]
[Round "5.5"]
[White "Phuyal, Aashish"]
[Black "Maharjan, Prem Krishna"]
[Result "1/2-1/2"]
[Annotator "TA"]
[ECO "C90"]
[WhiteElo "1981"]
[BlackElo "1882"]
[PlyCount "48"]
[EventDate "2025.01.24"]
[EventType "tourn"]
[EventCountry "NEP"]
[SourceTitle "playchess.com"]
[Source "ChessBase"]
[SourceQuality "1"]
[TimeControl "5400+30"]

1. e4 e5 2. Nf3 Nc6 3. Bb5 a6 4. Ba4 Nf6 5. d3 d6 6. c3 Be7 7. O-O O-O 8. Re1 Bg4 9. h3 Bh5 10. Nbd2 b5 11. Bb3 Na5 12. Bc2 c5 13. Nf1 Nc6 14. Ng3 Bg6 {[%emt 0:08:21] C90: Closed Ruy Lopez with 7...d6: Early deviations.} 15. Nh4 Nd7 16. Nhf5 Nb6 17. Qg4 {[%emt 0:07:29] White is more active.} Kh8 18. h4 {[%emt 1:06:00] and Nxe7 would now be decisive} Bxf5 19. Nxf5 {[%emt 0:00:00][%csl Gf5][%cal Rg4g7] [#]} Bf6 20. h5 g6 (20... Ne7 $14) 21. Ne3 Ne7 $146 (21... Bg7 22. a4 b4 23. a5 Nd7 24. hxg6 fxg6 25. Nc4 Qf6 26. Rf1 Qe7 27. Ba4 Nf6 {1-0 Zandonai Ignacio,A (1971)-De Paula,L (1733) Goiania op 2017 (2)}) 22. h6 (22. a4 $16) 22... Ng8 $14 {[%emt 0:05:37] White is slightly better.} 23. Nf1 Qd7 24. Qg3 Qe7 {[%emt 0:02:02] Weighted Error Value: White=0.22 (precise) /Black=0.18 (very precise)   Mistake:       	White=1     	Black=1      Inaccurate:     	White=1     	Black=3      OK:         	White=3     	Black=3} 1/2-1/2

[Event "25th Nepal Championship 2025"]
[Site "Hetauda"]
[Date "2025.01.28"]
[Round "5.6"]
[White "Thapa, Binay"]
[Black "Dahal, Sushrut"]
[Result "0-1"]
[Annotator "TA"]
[ECO "D02"]
[WhiteElo "1688"]
[BlackElo "2021"]
[PlyCount "72"]
[EventDate "2025.01.24"]
[EventType "tourn"]
[EventCountry "NEP"]
[SourceTitle "playchess.com"]
[Source "ChessBase"]
[SourceQuality "1"]
[TimeControl "5400+30"]

1. Nf3 d5 2. d4 Nf6 3. Bf4 e6 4. e3 Bd6 5. Bxd6 cxd6 6. c3 O-O 7. Nbd2 Nc6 8. Be2 e5 {[%emt 0:00:30] The position is equal.} 9. dxe5 dxe5 10. O-O Be6 11. Nb3 Qe7 12. Re1 Rfd8 13. h3 h6 14. Bf1 Ne4 15. Qe2 a5 16. Nbd2 f5 17. c4 {[%emt 0:00:30] [#]} (17. Nxe4 $11 dxe4 18. Nd2) 17... Nd6 $1 $17 {[%emt 0:00:30] Black is much more active.} 18. cxd5 Bxd5 19. a3 Qc7 (19... e4 $17 20. Nh2 a4) 20. Rac1 Qb6 (20... Qf7 $15) 21. Nb1 e4 22. Nh4 Ne5 23. f4 $2 {[%emt 0:00:30] This move loses the game for White.} (23. Qd1 $17 Bf7 24. Qd4 Qxd4 25. exd4) 23... Nd3 $19 24. Red1 Nxc1 25. Rxc1 Rac8 26. Nc3 Bc4 27. Qf2 Bf7 28. g4 fxg4 29. Re1 $2 {[%emt 0:00:30] [#]} (29. hxg4 {keeps fighting.} Qb3 30. a4) 29... g3 $1 {[%emt 0:00:30] Black is clearly winning.} 30. Qxg3 (30. Qg2 Rc7) 30... Qxb2 31. Ne2 Qf6 32. Nd4 Rc3 {[%emt 0:00:30] ...Qxd4 is the strong threat.} 33. Rd1 Rxa3 34. Ndf5 Nxf5 35. Rxd8+ Qxd8 36. Nxf5 Qf6 {[%emt 0:00:30] Weighted Error Value: White=0.61/Black=0.16 (very precise) .  Loses game:     	White=1     	---        Mistake:       	White=2     	Black=2      Inaccurate:     	White=6     	Black=2      OK:         	White=9     	Black=9      Strong:       	---       	Black=1} 0-1

[Event "25th Nepal Championship 2025"]
[Site "Hetauda"]
[Date "2025.01.29"]
[Round "6.1"]
[White "Silwal, Purushottam"]
[Black "Dahal, Sushrut"]
[Result "1-0"]
[Annotator "TA"]
[ECO "B42"]
[WhiteElo "2045"]
[BlackElo "2021"]
[PlyCount "95"]
[EventDate "2025.01.24"]
[EventType "tourn"]
[EventCountry "NEP"]
[SourceTitle "playchess.com"]
[Source "ChessBase"]
[SourceQuality "1"]
[TimeControl "5400+30"]

1. e4 c5 2. Nf3 e6 3. d4 cxd4 4. Nxd4 a6 5. Bd3 Bc5 6. Nb3 Be7 7. Qg4 g6 8. Qe2 d6 {[%emt 0:01:15] B42: Sicilian: Kan Variation: 5 Bd3.} 9. O-O Nc6 10. Nc3 b5 {[%emt 0:07:19][%cal Bb7b5,Bb5b4][%mdl 32] White has an edge.} 11. a4 b4 12. Na2 Nf6 13. Bh6 Qb6 14. Kh1 $146 (14. a5 Qb7 15. Rad1 Bd7 16. f4 Nxa5 17. Nxa5 Qb6+ 18. Kh1 Qxa5 19. e5 Nd5 20. exd6 Bxd6 {1-0 Morozov,N (2182)-Van Deursen,P (2189) Webchess op6 Gr106 email 2014}) 14... e5 15. f3 {[%emt 0:03:04] Inhibits Ng4.} Nh5 (15... Rg8 $142) 16. Be3 (16. a5 $142 Qb7 (16... Nxa5 $2 17. Nxa5 Qxa5 18. c3 $18) 17. Bc4) 16... Qb8 $16 17. Bc4 O-O 18. Bh6 Ng7 19. Bd5 Bd7 20. Qc4 {[%emt 0:04:04] White is much more active.} Rc8 21. Bxf7+ Kh8 {[%emt 0:03:01] ...Nd8 is the strong threat.} 22. Bd5 $36 {[%emt 0:02:42][%mdl 2048] White has strong initiative.} Nd4 23. Qd3 $18 (23. Qxb4 Nxc2 24. Qd2 Nxa1 25. Rxa1 Bc6) 23... Nxb3 (23... Nc6 $142 24. a5 Qc7) 24. cxb3 (24. Bxb3 $6 a5 25. f4 Bf6 $16) (24. Qxb3 $142 Ra7 25. a5 (25. Nxb4 a5 $18) (25. Qxb4 g5 $18)) 24... Ra7 (24... Bc6 25. Rfc1 Bxd5) 25. Be3 a5 26. Bxa7 Qxa7 27. Nc1 Nh5 28. Ne2 Rf8 29. Qd2 Kg7 30. Rac1 h6 31. Qc2 Bd8 32. Rcd1 Bb6 33. Bc4 Bc5 34. Qd2 g5 (34... Bc8 $142 35. Rde1 Qe7) 35. g4 Nf4 36. Nxf4 Rxf4 37. Kg2 Bd4 {[%emt 0:00:33] [#]} (37... Qa8 $16) 38. h4 $1 Bc8 $2 (38... Bxg4 {is a better defense.} 39. fxg4 Rxg4+ 40. Kf3 Qd7) 39. hxg5 hxg5 40. Qe1 Qe7 41. Qg3 Qf6 42. Qh3 {[%emt 0:00:00][%cal Od1d4] Prevents Qg6.} Kf8 43. Rh1 $4 {[%emt 0:00:00][%mdl 8192] [#]} (43. Qh7 $18 {Strongly threatening Qg8+.} Bxg4 44. Rxd4 (44. fxg4 Rf2+ 45. Rxf2 Qxf2+ 46. Kh3 Qe3+ 47. Kh2 Qf2+ 48. Kh1 Qf3+ 49. Kh2 Qf4+ 50. Kh1 Qf3+ 51. Kh2 Qf2+ 52. Kh1 Qf3+ $11) 44... Bxf3+ 45. Rxf3 Rxf3 46. Rxd6 Rf2+ 47. Kg1 Qxd6 48. Kxf2 Qd2+ 49. Be2) 43... Bxg4 $4 44. Qh8+ {[%emt 0:00:00] White is clearly winning.} (44. fxg4 $2 {gets mated.} Rf2+ (44... Rxe4 $2 {too greedy.} 45. Rdf1 $18) 45. Kg1 Rxb2+ 46. Rxd4 Qf2#) 44... Qxh8 45. Rxh8+ Ke7 46. fxg4 Rxg4+ 47. Kh3 Rxe4 48. Rf1 {[%emt 0:12:00] Weighted Error Value: White=0.32/Black=0.46  Missed win:     	White=1     	Black=1      Mistake:       	White=2     	Black=7      Inaccurate:     	White=2     	Black=1      OK:         	White=21    	Black=14     Best:        	White=3     	Black=3} 1-0

[Event "25th Nepal Championship 2025"]
[Site "Hetauda"]
[Date "2025.01.29"]
[Round "6.2"]
[White "Maharjan, Prem Krishna"]
[Black "Thapa, Binay"]
[Result "1-0"]
[Annotator "NA RC"]
[ECO "B18"]
[WhiteElo "1882"]
[BlackElo "1688"]
[PlyCount "109"]
[EventDate "2025.01.24"]
[EventType "tourn"]
[EventCountry "NEP"]
[SourceTitle "playchess.com"]
[Source "ChessBase"]
[SourceQuality "1"]
[TimeControl "5400+30"]

1. e4 c6 2. d4 d5 3. Nc3 dxe4 4. Nxe4 Bf5 5. Ng3 Bg6 6. f4 h6 {[%emt 0:00:24] B18: Classical Caro-Kann: 4...Bf5 sidelines.} (6... e6 $11) 7. Nf3 Nf6 8. Ne5 Bh7 9. c3 e6 10. Qb3 Qb6 11. Bc4 Qxb3 12. Bxb3 Nbd7 13. f5 Nxe5 14. dxe5 Nd5 15. fxe6 fxe6 16. O-O (16. Bxd5 $15 exd5 17. Be3) 16... Bc5+ 17. Kh1 Rf8 18. Bd2 Bg6 (18... Rxf1+ $17 19. Rxf1 Ke7) 19. Rxf8+ Kxf8 20. Rf1+ Ke7 21. Bd1 Ne3 22. Bxe3 Bxe3 23. Bh5 Bxh5 24. Nxh5 {[%emt 0:00:32] [#]} g6 ({Black should play} 24... Rd8 $1 $17 25. g3 (25. Nxg7 $2 {is the wrong capture.} Rd2 $19) 25... Rd2) 25. Nf6 (25. Nf4 $1 $11 Rg8 26. Rf3) 25... Rf8 (25... Rd8 $15) 26. g3 {[%emt 0:00:23] [#]} (26. Rd1 $1 $11 {keeps the balance.} Rd8 27. Rxd8 Kxd8 28. g3) 26... Bg5 $1 27. Kg2 $17 Bxf6 28. exf6+ Rxf6 29. Re1 Rf5 30. g4 (30. c4 $17) 30... Rd5 31. Re2 b5 32. Kf3 e5 33. Ke4 Ke6 34. h4 a5 35. g5 h5 36. Rf2 Rd6 (36... Rd1 $5 37. Rf6+ $8 Kd7 $18) 37. Rf6+ Ke7 $1 ({Much worse is} 37... Kd7 38. Rf7+ (38. Kxe5 Rd5+ 39. Ke4 Rd2 $11) 38... Ke6 39. Rg7 $14) 38. Kxe5 Rd5+ 39. Ke4 Rd6 40. Rxd6 Kxd6 41. b4 axb4 42. cxb4 Ke6 43. a3 Kd6 44. Kd4 Ke6 45. Kc5 Kd7 46. Kb6 Kd6 47. Kb7 c5 $2 {[%emt 0:00:22] [#]} (47... Kd7 $11 48. Kb8 Kd8) 48. bxc5+ $1 Kxc5 49. Kc7 Kd5 50. Kb6 Kc4 51. Kc6 Kb3 52. Kxb5 Kxa3 53. Kc4 Kb2 54. Kd4 Kc2 55. Ke5 1-0

[Event "25th Nepal Championship 2025"]
[Site "Hetauda"]
[Date "2025.01.29"]
[Round "6.3"]
[White "Maharjan, Suroj"]
[Black "Phuyal, Aashish"]
[Result "0-1"]
[Annotator "TA"]
[ECO "C95"]
[WhiteElo "1952"]
[BlackElo "1981"]
[PlyCount "116"]
[EventDate "2025.01.24"]
[EventType "tourn"]
[EventCountry "NEP"]
[SourceTitle "playchess.com"]
[Source "ChessBase"]
[SourceQuality "1"]
[TimeControl "5400+30"]

1. e4 e5 2. Nf3 Nc6 3. Bb5 a6 4. Ba4 Nf6 5. O-O Be7 6. Re1 b5 7. Bb3 O-O 8. c3 d6 9. h3 Nb8 10. d4 Nbd7 11. Nbd2 Bb7 12. Bc2 Re8 13. Nf1 Bf8 14. Ng3 g6 15. dxe5 dxe5 16. Qe2 {[%emt 0:00:49] C95: Closed Ruy Lopez: Breyer Variation with 10 d4.} c5 17. Be3 c4 18. Rad1 $146 {[%emt 0:00:23] Black has an edge.} (18. b4 a5 19. a3 Qc7 20. Qf1 Red8 21. Red1 Be7 22. Bh6 Nf8 23. Rxd8 Bxd8 24. Ng5 {½-½ Vogel,H (1445)-Husemann,A (2113) LSS No Engine Cup 81 Final 2013}) 18... Qc7 19. Qd2 Nc5 20. Bg5 Rad8 21. Qe3 Be7 22. Bh6 Ne6 23. b4 {[%emt 0:02:48] Counterplay Black} cxb3 24. Bxb3 Bc5 (24... Rxd1 $15 {deserves consideration.} 25. Rxd1 Nc5) 25. Qe2 $11 Rxd1 26. Rxd1 Bf8 27. Bxf8 Kxf8 28. Qe3 ({Better is} 28. c4 $1 $11) 28... Kg7 $15 29. Bxe6 Rxe6 30. Nh4 Ng8 31. Qg5 (31. Nhf5+ $15 Kf8 (31... gxf5 32. exf5 Rf6 33. Qg5+ Kf8 34. Nh5 $14) 32. Nh6 (32. Qg5 $2 f6 $19)) 31... h6 $1 $17 32. Qe3 Rc6 33. Rd3 Bc8 34. Qd2 Be6 35. Ne2 Nf6 36. Ng3 Rc4 37. Qe3 Ra4 38. Rd2 Ra3 (38... Bxa2 $2 39. Nhf5+ Kg8 (39... gxf5 40. Nxf5+ Kg8 41. Qg3+) 40. Qxh6 $18) (38... Rxa2 39. Rxa2 Bxa2 40. Ngf5+ gxf5 41. Nxf5+ Kg8 42. Qxh6 $11 (42. Qg3+ Kf8 $16)) 39. Rc2 Qc4 $2 (39... Bxa2 40. Ngf5+ Kg8 (40... gxf5 $2 41. Nxf5+ Kg8 42. Qg3+ Kf8 43. Qg7+ Ke8 44. Rd2 $18) 41. Qxh6 $18 (41. Nxh6+ Kh8 $11)) (39... Rxa2 40. Rxa2 Bxa2 41. Ngf5+ gxf5 42. Nxf5+ Kg8 43. Qg3+ (43. Qxh6 Ne8 $11) 43... Kf8 44. Qg7+ (44. Nxh6 $2 Be6 $19) 44... Ke8 45. Qh8+ (45. Qxf6 Be6 $11) 45... Kd7 46. Qxf6 $16) (39... a5 $19 {[%cal Oa5a4] aiming for ...a4!.} 40. Kh2 a4 (40... Bxa2 41. Ngf5+ Kg8 42. Qxh6 $18) (40... Rxa2 41. Rxa2 Bxa2 42. Ngf5+ Kg8 43. Qxh6 $15)) 40. f4 $2 (40. Nhf5+ $1 $11 {and White has nothing to worry.} gxf5 41. exf5) 40... exf4 $19 ({Don't take} 40... Rxa2 41. Rxa2 exf4 (41... Qxa2 42. f5 $15) 42. Qxf4 Qxa2 43. Kh2 $19) 41. Qxf4 Rxa2 42. Rxa2 Qxa2 43. Qe5 Qa1+ 44. Kh2 b4 45. Nhf5+ $2 (45. Ne2 Bc4 46. Ng3 Qxc3 (46... bxc3 47. Nhf5+ gxf5 48. Nh5+ Kf8 49. Qd6+ Kg8 50. Nxf6+ Kg7 51. Nh5+ Kh7 52. Qf6) 47. Qa5) 45... Bxf5 (45... gxf5 46. Nh5+ Kg6 47. exf5+ (47. Nxf6 $2 Qxc3 48. exf5+ Bxf5 $19) (47. Qxf6+ Kxh5 48. exf5 Qa2 $18) 47... Kxh5 48. Qxf6 $18) 46. exf5 {[%emt 0:00:29] [#] Threatens to win with Ne4.} Qxc3 {[%emt 0:00:35][%mdl 4096] Endgame KQN-KQN. Black is two pawns up.} (46... bxc3 $2 {is the wrong capture.} 47. Ne4 gxf5 48. Qxf6+ (48. Nxf6 Qa3 $18) 48... Kg8 49. Qd8+ (49. Qxc3 Qxc3 50. Nxc3 f4 $18) (49. Qxf5 c2 $18) (49. Nxc3 a5 $18) 49... Kh7 50. Nf6+ Kg6 51. Nd5 $18) 47. Qe7 g5 48. Ne2 Qc4 49. Qe5 Qe4 50. Qb2 a5 {[%emt 0:00:20][%cal Oa5a4] [#]} (50... Qxf5 51. Qxb4 Qe5+ 52. Ng3) 51. Kh1 a4 52. Ng3 Qe1+ 53. Kh2 Qc3 54. Qf2 b3 {[%emt 0:00:35] Black mates.} 55. Qb6 Qe5 56. Qb4 b2 57. Kg1 Qxg3 58. Qxb2 Qb3 {[%emt 0:00:07] Weighted Error Value: White=0.57/Black=0.13 (very precise)   Loses game:     	White=1     	---        Missed win:     	---       	Black=1      Mistake:       	White=3     	Black=1      Inaccurate:     	White=2     	Black=1      OK:         	White=8     	Black=17     Best:        	White=1     	Black=2} 0-1

[Event "25th Nepal Championship 2025"]
[Site "Hetauda"]
[Date "2025.01.29"]
[Round "6.4"]
[White "Bhandari, Kshitiz"]
[Black "Rajbhandari, Rijendra"]
[Result "1/2-1/2"]
[Annotator "TA"]
[ECO "C42"]
[WhiteElo "2070"]
[BlackElo "2016"]
[PlyCount "57"]
[EventDate "2025.01.24"]
[EventType "tourn"]
[EventCountry "NEP"]
[SourceTitle "playchess.com"]
[Source "ChessBase"]
[SourceQuality "1"]
[TimeControl "5400+30"]

1. e4 e5 2. Nf3 Nf6 3. Nxe5 d6 4. Nf3 Nxe4 5. d4 d5 6. Bd3 Nc6 7. c3 ({Better is} 7. O-O $14) 7... Be7 {[%emt 0:00:13] C42: Petroff Defence: 3 Nxe5 and unusual White 3rd moves.} 8. Bf4 O-O 9. O-O Bg4 {[%emt 0:03:24] The position is equal.} 10. Re1 f5 11. Be2 Bd6 12. Bxd6 Qxd6 13. Nbd2 Rae8 14. Nb3 $146 (14. Nf1 Re6 15. N3d2 Bxe2 16. Qxe2 Rg6 17. f3 Ng5 18. Kh1 Ne6 19. g3 f4 20. g4 h5 21. gxh5 {0-1 Iyti,B (2303)-Eren,A (2064) Istanbul op 2017 (9)}) 14... Re6 15. Nbd2 Rfe8 16. c4 (16. Nxe4 $11 fxe4 (16... dxe4 $2 17. Ng5 $18) 17. Nh4 Bxe2 18. Qxe2) 16... Rh6 $17 17. g3 Kf8 18. Rc1 (18. cxd5 $142 Qxd5 19. Qb3) 18... Nxd2 19. Qxd2 dxc4 {[%emt 0:00:28] and ...Bxf3 would now be decisive} 20. d5 (20. Rxc4 $2 Rhe6 21. Qd3 Bxf3 22. Qxf3 Nxd4 23. Rxd4 Qxd4 $19) 20... Bxf3 21. Bxf3 Ne5 $1 22. Bg2 b5 ({Black should try} 22... Rhe6 $1 $15) 23. b3 Rd8 (23... Nd3 24. Rxe8+ Kxe8 25. Rc2 $16) (23... Rhe6 $15) 24. bxc4 bxc4 (24... Nxc4 $11 {remains equal.} 25. Qg5 Qf6) 25. Rb1 (25. Re2 $16) 25... c6 $2 {[%emt 0:00:28][%mdl 8192] [#]} (25... Nd3 $1 $15 {keeps the upper hand.} 26. Re2 Qc5) 26. Qc3 $2 (26. Qa5 $1 $18 {[%cal Oe1e5] Hoping for Rxe5!.} Nd3 (26... cxd5 $2 27. Rxe5 Qxe5 28. Qxd8+ Qe8 29. Qxd5 $18) 27. dxc6 Nxe1 28. c7 (28. Rxe1 Rf6 $16)) 26... Nd3 $11 27. Rb7 {[%emt 0:04:27][%csl Gb7][%cal Rc3g7] Dancing on a razor blade.} Rg6 (27... Qf6 $11 28. Qa3+ c5) 28. Ree7 (28. Re6 $142) 28... cxd5 {[%emt 0:00:30] [#]} 29. Re1 $4 {[%emt 0:00:30][%mdl 40960] Weighted Error Value: White=0.60/Black=0.62 An unexpected result.  Loses game:     	---       	Black=2      Missed win:     	White=1     	---        Mistake:       	White=4     	Black=3      Inaccurate:     	White=6     	Black=3      OK:         	White=6     	Black=6      Strong:       	---       	Black=1} 1/2-1/2

[Event "25th Nepal Championship 2025"]
[Site "Hetauda"]
[Date "2025.01.29"]
[Round "6.5"]
[White "Subedi, Rajan"]
[Black "Tandukar, Nabin"]
[Result "1-0"]
[Annotator "TA"]
[ECO "A45"]
[WhiteElo "1982"]
[BlackElo "1920"]
[PlyCount "71"]
[EventDate "2025.01.24"]
[EventType "tourn"]
[EventCountry "NEP"]
[SourceTitle "playchess.com"]
[Source "ChessBase"]
[SourceQuality "1"]
[TimeControl "5400+30"]

1. d4 Nf6 2. Nc3 g6 3. Bf4 Bg7 4. Qd2 h6 5. e4 d6 6. f3 {[%emt 0:00:33] A45: Trompowsky Attack.} Nbd7 7. Bc4 e5 8. dxe5 $146 {[%emt 0:01:44] White is slightly better.} (8. Be3 exd4 9. Bxd4 Qe7 10. Nd5 Qd8 11. Qc3 c6 12. Nf4 c5 13. Bxf7+ Kxf7 14. Qc4+ {1-0 Arun,S (2055)-Sanchez,R (1966) Titled Tuesday intern op 13th Jun Late blitz 2023 (3)}) 8... dxe5 9. Be3 Qe7 10. Nge2 {[%emt 0:00:40] White is much more active.} Nb6 11. Bb3 Be6 12. Nd5 Bxd5 13. exd5 Rd8 ({Black should try} 13... O-O-O $14) 14. c4 $16 Nfd7 (14... c6 $14) 15. O-O-O Nc5 16. Nc3 f5 (16... Nxb3+ $142 17. axb3 c6) 17. Rhe1 a5 18. Nb5 {[%emt 0:01:54] [#] And now d6 would win.} a4 19. d6 cxd6 20. Nxd6+ {[%emt 0:02:04] White has a queen side majority} Rxd6 21. Qxd6 {[%emt 0:00:08] White attacks} Qxd6 22. Rxd6 Nbd7 (22... axb3 {is a better chance.} 23. Bxc5 (23. Rxb6 $2 Nd3+ 24. Kd2 Nxe1 $17) 23... bxa2) 23. Bc2 $18 ({Weaker is} 23. Rxg6 axb3 (23... Nxb3+ $2 {is the wrong capture.} 24. axb3 Bf8 25. bxa4 $18) (23... Nd3+ $2 24. Kd2 $18) 24. Rxg7 (24. Bxc5 bxa2 25. Kc2 Kf7 $14) 24... Nd3+ (24... bxa2 25. Kc2 $16) 25. Kd2 Nxe1 26. axb3 Nxg2 $16 (26... f4 27. Bf2 $16)) 23... O-O 24. Red1 Rf7 25. Rxg6 f4 26. Bxc5 Nxc5 27. Rd8+ Rf8 28. Rxf8+ Kxf8 {[%emt 0:00:00][%mdl 4096] Endgame KRB-KBN} 29. Rd6 Ke7 30. Rd5 b6 31. b4 axb3 32. axb3 Ke6 (32... e4 $142 33. fxe4 (33. Bxe4 Nxb3+ 34. Kd1 Na5 $18) 33... Ne6) 33. b4 Nd7 {[%emt 0:00:00] [#]} 34. Bf5+ $1 Kxf5 35. Rxd7 Bf8 36. Rf7+ {[%emt 0:00:08] Weighted Error Value: White=0.09 (flawless) /Black=0.78  Mistake:       	---       	Black=5      Inaccurate:     	White=2     	Black=2      OK:         	White=11    	Black=11     Best:        	White=3     	Black=1} 1-0